 Dungeon Crawl Stone Soup version 0.30.1-11-g7821555f0a (webtiles) character file.

Game seed: 18096306545306384572

971 ErikD the Covered (level 7, 0/54 HPs)
             Began as a Minotaur Fighter on Dec 9, 2023.
             Succumbed to a kobold brigand's curare-tipped dart
             ... on level 7 of the Dungeon on Dec 20, 2023.
             The game lasted 00:18:10 (3784 turns).

ErikD the Covered (Minotaur Fighter)                Turns: 3784, Time: 00:18:11

Health: 0/54       AC: 11    Str: 23    XL:     7   Next: 94%
Magic:  6/6        EV: 10    Int:  5    God:
Gold:   286        SH:  5    Dex: 11    Spells: 6/6 levels left

rFire   . . .        j - +0 mace (holy)
rCold   . . .        c - +0 buckler
rNeg    . . .        b - +2 scale mail
rPois   .            y - +2 hat "Komife" {Contam Harm Fly Str+2}
rElec   .            (no cloak)
rCorr   .            (no gloves)
SInv    .            (no boots)
Will    .....        (no amulet) Stlth
                     (no ring)
HPRegen 0.29/turn    (no ring)
MPRegen 0.10/turn

%: harm (+30% outgoing, +20% incoming)
@: lethally poisoned (0 -> -5), flying, slowed, studying Necromancy, very slow
A: horns 2, retaliatory headbutt, frail 1
a: no special abilities


You were on level 7 of the Dungeon.
You visited 1 branch of the dungeon, and saw 7 of its levels.

You collected 286 gold pieces.

Inventory:

Hand Weapons
 a - a +0 war axe
 f - a +1 short sword of speed
 j - a +0 mace of holy wrath (weapon)
 t - a +0 heavy hand axe
Missiles
 e - 5 javelins (quivered)
 k - 25 stones
 o - a throwing net
 x - 2 boomerangs
Armour
 b - a +2 scale mail (worn)
 c - a +0 buckler (worn)
 w - the +0 leather armour of Submission {rN+}
   (You found it on level 5 of the Dungeon)

   rN:        It protects you from negative energy.
 y - the +2 hat "Komife" (worn) {Contam Harm Fly Str+2}
   (You found it on level 7 of the Dungeon)

   Str:       It affects your strength (+2).
   Fly:       It grants you flight.
   Contam:    It causes magical contamination when unequipped.
   Harm:      It increases damage dealt and taken.
Jewellery
 i - a ring of protection from cold
 n - the ring of Autotheism {rC+ rN+ AC+4 Int+5 Dex-5}
   (You found it on level 4 of the Dungeon)

   [ring of protection]

   AC:        It affects your AC (+4).
   Int:       It affects your intelligence (+5).
   Dex:       It affects your dexterity (-5).
   rC:        It protects you from cold.
   rN:        It protects you from negative energy.
 q - an amulet of magic regeneration
Wands
 l - a wand of iceblast (9)
 v - a wand of flame (11)
Scrolls
 h - 4 scrolls of identify
 m - 3 scrolls of teleportation
 r - a scroll of fog
 s - a scroll of vulnerability {unknown}
 u - a scroll of noise {unknown}
 B - a scroll of poison {unknown}
Potions
 d - 2 potions of might
 g - 2 potions of magic
 p - a potion of heal wounds {unknown}
 A - a potion of brilliance {unknown}


   Skills:
 + Level 5.4 Fighting
 + Level 4.7(5.8) Axes
 + Level 5.0(5.9) Maces & Flails
 + Level 2.1 Throwing
 + Level 6.4 Armour
 + Level 2.3 Dodging
 + Level 1.0 Stealth
 + Level 4.5 Shields
 + Level 0.5 Evocations


You had 6 spell levels left.
You didn't know any spells.
Your spell library was empty.

Dungeon Overview and Level Annotations

Branches:
Dungeon (7/15)
 Temple: D:4-7

Altars:
Hepliaklqana
Okawaru
Zin

Shops:
D:3 *

Annotations:
D:6 Pikel


Innate Abilities, Weirdness & Mutations

You have a pair of horns on your head.
You reflexively headbutt those who attack you in melee.
You are frail. (-10% HP)


Message History

The kobold attacks as you move away! The kobold hits you but does no damage.
You feel very sick.
You see here a +0 scale mail.
You feel sick.
The kobold brigand throws a curare-tipped dart.
The curare-tipped dart hits you.
You are more poisoned.
You have difficulty breathing.
You feel as though you will be slow longer.
You feel very sick.
You feel sick.
You feel sick.
You feel sick.
You feel sick.
You are no longer poisoned.
The kobold brigand throws a curare-tipped dart.
The curare-tipped dart barely misses you.
The kobold brigand throws a curare-tipped dart.
The curare-tipped dart hits you.
You are lethally poisoned!
You have difficulty breathing.
* * * LOW HITPOINT WARNING * * *
You feel as though you will be slow longer.
You feel better.
The kobold brigand throws a curare-tipped dart.
The curare-tipped dart barely misses you.
The kobold brigand throws a curare-tipped dart.
The curare-tipped dart hits you.
You are poisoned.
You have difficulty breathing.
* * * LOW HITPOINT WARNING * * *
You feel as though you will be slow longer.
* * * LOW HITPOINT WARNING * * *
You feel very sick.
* * * LOW HITPOINT WARNING * * *
You feel very sick.
* * * LOW HITPOINT WARNING * * *
You feel very sick.
There is a stone staircase leading up here.
You die...

#......#.# # #......#.#
##.# #......#.## ....
#...†.....#######..#
#....^.#..........#
#......#.####...#..#
#......#.####..##
##<.....#.#.KK...#
.........@.#.####.##
...........#KK# #..#
.............## ##.#
............## #K#
............#######K#######
...................K.KKK..
..........##########.K...
.........## #......
........## #.......


You could see a kobold brigand and a kobold.

Vanquished Creatures
  Grinder (D:4)
  Eustachio (D:4)
  A sky beast (D:7)
  An ogre (D:5)
  A lemure (D:6)
  2 scorpions
  A hound (D:5)
  5 iguanas
  Ijyb (D:3)
  Terence (D:2)
  Robin (D:3)
  A gnoll (D:1)
  2 adders
  A white imp (D:5)
  4 dart slugs
  9 orcs
  9 ball pythons
  7 endoplasms
  2 giant cockroaches (D:1)
  13 hobgoblins
  4 jackals (D:3)
  4 quokkas
  4 bats
  2 frilled lizards
  14 goblins
  4 kobolds
  7 rats
103 creatures vanquished.

Notes
Turn   | Place    | Note
-------+----------+-------------------------------------------
     0 | D:1      | ErikD the Minotaur Fighter began the quest for the Orb.
     0 | D:1      | Reached XP level 1. HP: 19/19 MP: 0/0
    68 | D:1      | Reached XP level 2. HP: 25/27 MP: 1/1
   221 | D:1      | Reached skill level 4 in Armour
   231 | D:1      | Found a hazy altar of Hepliaklqana.
   245 | D:1      | Reached XP level 3. HP: 28/33 MP: 2/2
   840 | D:2      | Gained mutation: You occasionally lose the ability to drink
                  | potions when taking damage. [potion of mutation]
   840 | D:2      | Lost mutation: You occasionally lose the ability to drink
                  | potions when taking damage. [potion of mutation]
   840 | D:2      | Gained mutation: You are frail. (-10% HP) [potion of
                  | mutation]
  1048 | D:2      | Noticed Terence
  1080 | D:2      | Killed Terence
  1081 | D:2      | Reached XP level 4. HP: 21/36 MP: 3/3
  1297 | D:3      | Found Zin's Purification Station.
  1299 | D:3      | Found a glowing silver altar of Zin.
  1299 | D:3      | Noticed Ijyb
  1306 | D:3      | Killed Ijyb
  1631 | D:3      | Noticed Robin
  1637 | D:3      | Killed Robin
  1638 | D:3      | Reached skill level 1 in Dodging
  1638 | D:3      | Reached XP level 5. HP: 42/42 MP: 4/4
  2428 | D:4      | Noticed Eustachio
  2455 | D:5      | Entered Level 5 of the Dungeon
  2470 | D:5      | Noticed an ogre
  2497 | D:4      | Killed Eustachio
  2498 | D:4      | Reached skill level 1 in Maces & Flails
  2498 | D:4      | Reached skill level 1 in Throwing
  2498 | D:4      | Reached XP level 6. HP: 33/49 MP: 5/5
  2788 | D:4      | Identified the ring of Autotheism {rC+ rN+ AC+4 Int+5
                  | Dex-5}
  2837 | D:4      | Noticed Grinder
  2855 | D:4      | Killed Grinder
  2856 | D:4      | Reached skill level 5 in Fighting
  2856 | D:4      | Reached skill level 5 in Armour
  2856 | D:4      | Reached XP level 7. HP: 46/54 MP: 6/6
  3283 | D:5      | Identified the +0 leather armour of Submission {rN+}
  3328 | D:5      | Reached skill level 1 in Stealth
  3419 | D:5      | Found an iron altar of Okawaru.
  3513 | D:5      | Reached skill level 6 in Armour
  3674 | D:6      | Noticed Pikel
  3682 | D:7      | Identified the +2 hat "Komife" {Contam Harm Fly Str+2}
  3716 | D:7      | Reached skill level 5 in Maces & Flails
  3783 | D:7      | HP: 2/54 [poisoned by a kobold brigand (curare-tipped
                  | dart)]
  3784 | D:7      | Succumbed to a kobold brigand's curare-tipped dart

Illustrated notes

Levels and vault maps discovered:
D:1:      minmay_arrival_four_circles, layout_basic, minmay_hexomino_r4
D:2:      cheibrodos_greedy_goblins, layout_loops_ring, uniq_terence
D:3:      layout_basic, zin_purify, uniq_ijyb, uniq_robin
D:4:      layout_basic, minmay_manual_moon, uniq_grinder, uniq_eustachio
D:5:      layout_loops_ring, mainiacjoe_overflow_chevrons,
          minmay_shop_enchanted_jewellery, uniq_crazy_yiuf_cottage
D:6:      layout_loops_ring, minmay_fountain_box, dreamdust_wishing_well,
          amcnicky_mini_pool_small, kennysheep_small_spiral, uniq_pikel
D:7:      layout_rooms, grunt_temple_overflow_growth_and_decay,
          ashenzari_conservatory_becter, mainiacjoe_overflow_alcove_4,
          minmay_temple_entry_gardened_gates, chequers_serial_rivers_micro_b,
          minivault_14, abandoned_shop

Skill      XL: |  1  2  3  4  5  6  7 |
---------------+----------------------+-----
Fighting       | 4 5 |  5.4
Armour         | 4 5 6 |  6.4
Shields        | 4 |  4.5
Axes           | 3 4 |  4.7
Dodging        | 1 2 |  2.3
Maces & Flails | 1 2 5 |  5.0
Throwing       | 1 2 |  2.1
Stealth        | 1 |  1.0
Evocations     | |  0.5

Action                     |  1- 3 |  4- 6 |  7- 9 || total
---------------------------+-------+-------+-------++-------
  Melee: War axe           |    76 |       |       ||    76
         Headbutt          |     7 |    17 |    16 ||    40
         Mace              |       |    77 |    82 ||   159
  Throw: Javelin           |     5 |    15 |     4 ||    24
  Evoke: Wand              |       |     4 |     1 ||     5
    Use: Potion            |     3 |     1 |     1 ||     5
         Scroll            |     3 |     4 |       ||     7
 Armour: Scale mail        |    39 |    36 |    41 ||   116
  Dodge: Dodged            |    41 |    40 |    37 ||   118
  Block: Buckler           |    23 |    16 |    19 ||    58
